 Dungeon Crawl Stone Soup version 0.28.0-1-gb440e238dd (webtiles) character file.

Game seed: 8241673743024772066

326 zeram the Sneak (level 6, -1/28 HPs)
             Began as a Spriggan Enchanter on Feb 24, 2022.
             Killed from afar by Natasha (7 damage)
             ... with a magic dart
             ... on level 3 of the Dungeon.
             The game lasted 00:09:00 (4811 turns).

zeram the Sneak (Spriggan Enchanter)                Turns: 4811, Time: 00:09:01

Health: -1/28      AC:  2    Str:  4    XL:     6   Next: 24%
Magic:  1/12       EV: 18    Int: 19    God:
Gold:   122        SH:  0    Dex: 15    Spells: 7/12 levels left

rFire   . . .      SeeInvis +   a - +1 dagger
rCold   . . .      Faith    .   (no shield)
rNeg    + . .      Spirit   .   b - +0 robe
rPois   .          Reflect  .   (helmet restricted)
rElec   .          Harm     .   (no cloak)
rCorr   .          Rampage  .   (gloves unavailable)
Will    +....                   (boots unavailable)
Stlth   +++.......              (no amulet)
HPRegen 0.09/turn               g - ring of positive energy
MPRegen 0.13/turn               (no ring)

@: very quick
A: very small, no large weapons, unfitting armour, see invisible, speed 3
a: no special abilities


You were on level 3 of the Dungeon.
You visited 1 branch of the dungeon, and saw 3 of its levels.

You collected 122 gold pieces.

Inventory:

Hand Weapons
 a - a +1 dagger (weapon)
Missiles
 i - a silver boomerang (quivered)
Armour
 b - a +0 robe (worn)
Jewellery
 g - a ring of positive energy (left hand)
Scrolls
 c - a scroll of torment {unknown}
 k - a scroll of holy word {unknown}
Potions
 d - a potion of curing {unknown}
 f - a potion of ambrosia {unknown}
 h - a potion of lignification {unknown}
 j - a potion of mutation {unknown}


   Skills:
 + Level 3.2 Short Blades
 + Level 4.0 Dodging
 + Level 7.0 Stealth
 + Level 3.8 Spellcasting
 + Level 4.6 Hexes
 - Level 1.1 Ice Magic


You had 7 spell levels left.
You knew the following spells:

 Your Spells              Type           Power      Damage    Failure   Level
a - Ensorcelled Hibernat  Hex/Ice        28%        N/A       6%          2
b - Tukima's Dance        Hex            21%        N/A       6%          3

Your spell library contained the following spells:

 Spells                   Type           Power      Damage    Failure   Level
 Confusing Touch          Hex            21%        N/A       6%          3
 Dazzling Flash           Conj/Hex       24%        N/A       16%         3
 Portal Projectile        Hex/Tloc       24%        N/A       16%         3
 Sublimation of Blood     Necr           3%         N/A       22%         2
 Call Canine Familiar     Summ           3%         N/A       38%         3
 Conjure Flame            Conj/Fire      3%         6-21      38%         3
 Ignite Poison            Fire/Tmut/Pois 3%         N/A       38%         3
 Leda's Liquefaction      Hex/Erth       6%         N/A       47%         4
 Olgreb's Toxic Radiance  Pois           3%         N/A       80%         4
 Petrify                  Tmut/Erth      3%         N/A       80%         4
 Sticky Flame             Conj/Fire      3%         2d3       80%         4
 Summon Lightning Spire   Summ/Air       3%         N/A       80%         4
 Irradiate                Conj/Tmut      1%         3d14      98%         5
 Haunt                    Necr/Summ      1%         N/A       100%        7
 Ozocubu's Refrigeration  Ice            4%         4d5       100%        7
 Ignition                 Fire           1%         3d3       100%        8
 Necromutation            Tmut/Necr      1%         N/A       100%        8


Dungeon Overview and Level Annotations

Branches:
Dungeon (3/15)

Altars:

Shops:
D:1 (!!?   D:2 *

Annotations:
D:3 Natasha


Innate Abilities, Weirdness & Mutations

You are very small and have problems with some larger weapons.
You are too small for most types of armour.
You have supernaturally acute eyesight. (SInv)
You cover ground extremely quickly. (Speed+++)


Message History

You hit Natasha.
Natasha is moderately wounded.
Natasha barely misses you. Natasha claws you but does no damage.
Your magical contamination has completely faded away.
You hit Natasha.
Natasha is moderately wounded.
Natasha claws you.
Casting: Ensorcelled Hibernation (safe; 6% risk of failure)
Confirm with . or Enter, or press ? or * to list all spells.
Aiming: Ensorcelled Hibernation (safe; 6% risk of failure)
Press: ? - help, Shift-Dir - straight line, f/p - Natasha
Aim: Natasha (moderately wounded, chance to affect: 48%)
You miscast Ensorcelled Hibernation.
You are very lightly contaminated with residual magic.
Nothing appears to happen.
Natasha claws you! Natasha misses you.
Unknown command.
Casting: Ensorcelled Hibernation (safe; 6% risk of failure)
Confirm with . or Enter, or press ? or * to list all spells.
You don't have enough magic to cast this spell.
You closely miss Natasha.
Natasha is moderately wounded.
Natasha closely misses you.
You hit Natasha but do no damage.
Natasha is moderately wounded.
Natasha stares at you and mumbles some strange words.
The magic dart hits you!
You closely miss Natasha.
Natasha is moderately wounded.
Natasha misses you. Natasha casts a spell at you. The magic dart hits you.
* * * LOW HITPOINT WARNING * * *
You feel yourself speed up.
The iron imp laughs crazily.
Your magical contamination has completely faded away.
Natasha mumbles some strange words.
You feel disoriented.
Natasha stares at you and mumbles some strange words.
The magic dart hits you!
You die...

#.# #.# #.# #.# #.# #.#
#.# #####.#########.####
#..<.@...h..5.......
#...[......####.####
####...[......#
#.............###
#.##...>.........
#........)....######
####..................#
##.#...............###.#
###.#................#
#.#


You could see an iron imp (summoned) and Natasha.

Vanquished Creatures
  A scorpion (D:3)
  An iguana (D:2)
  Natasha (twice) (D:3)
  7 gnolls
  5 adders
  A worm (D:2)
  5 orcs (D:3)
  4 bats
  2 endoplasms
  6 giant cockroaches
  8 hobgoblins
  3 kobolds (D:1)
  2 quokkas (D:2)
  6 frilled lizards
  9 goblins
  5 rats
67 creatures vanquished.

Vanquished Creatures (collateral kills)
  A gnoll (D:2)
1 creature vanquished.

Vanquished Creatures (others)
  23 plants
23 creatures vanquished.

Grand Total: 91 creatures vanquished

Notes
Turn   | Place    | Note
-------+----------+-------------------------------------------
     0 | D:1      | zeram the Spriggan Enchanter began the quest for the Orb.
     0 | D:1      | Reached XP level 1. HP: 9/9 MP: 5/5
   613 | D:1      | Reached XP level 2. HP: 13/13 MP: 6/6
   904 | D:1      | Found Nufa's Weapon Shoppe.
  1002 | D:1      | Found Jyhedd's Distillery.
  1014 | D:1      | Learned a level 2 spell: Ensorcelled Hibernation
  1094 | D:1      | Found Qeb Yjes's Distillery.
  1128 | D:1      | Found Diyly Deifoll's Magic Scroll Shoppe.
  1264 | D:1      | Found a faded altar of an unknown god.
  1872 | D:1      | Reached skill level 5 in Stealth
  2004 | D:2      | Got the Collected Works on Unholy Flight
  2023 | D:2      | Reached XP level 3. HP: 16/16 MP: 8/8
  2311 | D:2      | You fall into a shaft and drop 1 floor!
  2316 | D:3      | Noticed Natasha
  2323 | D:3      | Killed Natasha
  2324 | D:3      | Reached XP level 4. HP: 21/21 MP: 6/9
  2328 | D:3      | Learned a level 3 spell: Tukima's Dance
  2407 | D:2      | Found Nycsunou's Assorted Antiques.
  2750 | D:2      | Reached skill level 6 in Stealth
  2975 | D:2      | Reached XP level 5. HP: 24/24 MP: 4/10
  4036 | D:3      | Reached skill level 1 in Ice Magic
  4369 | D:3      | Reached XP level 6. HP: 28/28 MP: 9/12
  4608 | D:3      | Noticed Natasha
  4625 | D:3      | Killed Natasha
  4626 | D:3      | Reached skill level 7 in Stealth
  4782 | D:3      | Noticed Natasha
  4811 | D:3      | Killed from afar by Natasha

Illustrated notes

Levels and vault maps discovered:
D:1:      lemuel_arrival_muddy, layout_basic, shapermc_ecumenical_altar_ellora,
          serial_shops, shop, shop, nicolae_shop_bloodbath_and_beyond,
          nicolae_shop_crystal
D:2:      layout_basic, serial_shops, nicolae_shop_stone, serial_bayou_lake_a
D:3:      layout_loops_ring, uniq_natasha, uniq_crazy_yiuf_cottage

Skill      XL: |  1  2  3  4  5  6 |
---------------+-------------------+-----
Hexes          | 4 |  4.6
Dodging        | 3 4 |  4.0
Stealth        | 5 6 7 |  7.0
Short Blades   | 2 3 |  3.2
Spellcasting   | 3 |  3.8
Ice Magic      | 1 |  1.1

Action                   |  1- 3 |  4- 6 || total
-------------------------+-------+-------++-------
Melee: Dagger            |   116 |   175 ||   291
       Punch             |     1 |     2 ||     3
Throw: Boomerang         |       |     4 ||     4
 Cast: Ensorcelled Hiber |    10 |    33 ||    43
       Tukima's Dance    |       |     1 ||     1
  Use: Scroll            |     1 |     2 ||     3
       Potion            |       |     3 ||     3
 Stab: Sleeping          |    11 |    20 ||    31
       Distracted        |     1 |       ||     1
       Invisible         |       |     1 ||     1
Armor: Robe              |    10 |    15 ||    25
Dodge: Dodged            |    93 |   124 ||   217
